Map: Catalyst LE

Players

Elazer - Winner!

  • Race: Zerg Zerg
  • Spawn Location: 5:00

TheoRy

  • Race: Protoss Protoss
  • Spawn Location: 11:00

Event: WCS Austin 2018

VOD

Have the link to the VOD?

Description

Time

  • Played on: June 1, 2018, 3:10 p.m.
  • Length: 10:16

All games in this series

Show
View Real Time Build Order
Export as new Build Order

Elazer Zerg - Winner!

Build Orders: Hatch First, Lurkers, Roach Hydra 

Get SALT Encoding   

  12  0:00  Drone  
  13  0:12  Overlord  
  13  0:16  Drone  
  14  0:30  Drone x2  
  16  0:48  Hatchery  
  15  0:51  Drone  
  15  0:54  Drone  
  17  0:58  Drone  
  18  1:07  Extractor  
  17  1:13  Spawning Pool  
  17  1:17  Drone  
  17  1:20  Drone  
  18  1:27  Drone  
  19  1:38  Drone  
  20  1:49  Overlord  
  20  2:00  Queen x2, Zergling x4  
  26  2:11  Drone x2, Metabolic Boost  
  28  2:24  Drone x2  
  30  2:32  Drone  
  30  2:33  Drone  
  32  2:39  Hatchery  
  31  2:45  Queen  
  31  2:51  Overlord  
  33  2:53  Drone  
  33  2:54  Drone  
  33  2:57  Drone  
  36  3:09  Drone x4  
  36  3:10  Zergling x2  
  41  3:16  Overlord  
  41  3:19  Drone  
  42  3:21  Queen  
  44  3:30  Spore Crawler, Drone  
  44  3:31  Spore Crawler  
  44  3:32  Drone  
  44  3:37  Drone  
  46  3:41  Drone x3  
  46  3:44  Overlord  
  46  3:48  Drone  
  49  3:51  Drone  
  50  4:00  Spore Crawler  
  50  4:01  Overlord  
  50  4:02  Drone, Queen  
  50  4:04  Drone x4  
  50  4:08  Drone  
  57  4:10  Drone  
  58  4:18  Lair  
  58  4:20  Drone  
  58  4:24  Drone x5  
  62  4:27  Extractor  
  62  4:28  Extractor  
  62  4:30  Drone, Roach Warren  
  59  4:35  Drone x3  
  59  4:36  Drone  
  63  4:40  Overlord  
  63  4:49  Drone x3  
  65  4:53  Overlord  
  65  4:57  Overlord  
  65  5:01  Zergling x10  
  65  5:04  Queen  
  65  5:06  Zergling x2  
  73  5:10  Overlord  
  73  5:13  Overlord  
  72  5:14  Drone x3  
  72  5:15  Drone x2  
  76  5:21  Overlord  
  76  5:22  Drone x3  
  79  5:28  Overlord  
  79  5:29  Drone, Glial Reconstitution  
  79  5:33  Evolution Chamber, Extractor x2  
  74  5:36  Drone  
  74  5:37  Drone  
  74  5:41  Roach x6  
  88  5:47  Overlord  
  88  5:49  Roach  
  92  5:50  Roach  
  92  5:54  Roach  
  94  6:00  Overlord  
  94  6:03  Drone x4  
  96  6:06  Drone  
  96  6:08  Zerg Missile Weapons Level 1  
  94  6:12  Overlord  
  94  6:16  Roach x3  
  94  6:17  Hatchery  
  99  6:25  Overlord  
  99  6:26  Roach x4  
  99  6:27  Roach  
  109  6:35  Drone x3, Extractor  
  109  6:36  Drone, Hydralisk Den  
  109  6:37  Drone  
  109  6:39  Drone  
  113  6:44  Overlord  
  113  6:47  Roach x3  
  119  6:54  Overlord  
  119  6:58  Drone x6  
  119  7:00  Overseer  
  125  7:02  Drone  
  125  7:03  Drone x3  
  129  7:15  Grooved Spines, Hydralisk x5  
  138  7:23  Hydralisk x3  
  144  7:32  Hydralisk x5  
  144  7:36  Overlord  
  154  7:39  Ravager  
  154  7:40  Ravager x5  
  160  7:44  Zergling x14  
  167  7:54  Drone  
  167  7:55  Lurker Den  
  167  7:56  Extractor  
  167  7:57  Drone x2  
  167  7:58  Drone  
  163  8:01  Overlord  
  163  8:05  Hydralisk x3  
  163  8:08  Zergling x4  
  163  8:10  Hatchery  
  170  8:15  Zergling x2  
  170  8:16  Zergling x10  
  175  8:23  Overlord  
  175  8:24  Overlord, Hydralisk  
  175  8:25  Hydralisk  
  175  8:27  Muscular Augments  
  179  8:30  Zergling x8  
  183  8:38  Overlord x2  
  183  8:40  Overseer  
  180  8:54  Zergling x16  
  169  8:58  Zergling x2  
  169  8:59  Zergling x20  
  168  9:11  Hydralisk x7  
  169  9:23  Zergling x12  
  169  9:24  Zergling x6  
  157  9:32  Lurker x7  
  157  9:37  Hydralisk x7  
  178  9:44  Hydralisk x3  
  184  9:49  Hydralisk x2  
Show
View Real Time Build Order
Export as new Build Order

TheoRy Protoss 

Build Orders: 1 Gate Expand, Oracle Opening, Archon Immortal, Zealot Archon 

Get SALT Encoding   

  12  0:01  Probe  
  13  0:13  Probe  
  14  0:19  Pylon  
  14  0:25  Probe  
  15  0:33  Probe  
  15  0:41  Probe  
  16  0:45  Gateway  
  16  0:48  Assimilator  
  17  0:51  Probe  
  18  1:03  Probe  
  19  1:22  Nexus  
  19  1:24  Probe  
  20  1:38  Cybernetics Core, Probe  
  21  1:43  Assimilator  
  21  1:49  Pylon  
  21  1:52  Probe  
  22  2:05  Adept, Probe  
  25  2:17  Probe  
  26  2:24  Stargate  
  26  2:28  Probe  
  27  2:31  Adept, Probe  
  27  2:36  Probe  
  30  2:39  Probe, Warp Gate  
  32  2:45  Probe  
  32  2:49  Probe  
  33  2:55  Probe  
  35  3:00  Probe  
  35  3:05  Stalker  
  38  3:08  Probe  
  38  3:10  Assimilator  
  38  3:11  Probe  
  38  3:12  Assimilator  
  39  3:14  Oracle  
  43  3:20  Probe x2  
  43  3:26  Pylon  
  45  3:32  Probe  
  46  3:40  Probe  
  46  3:42  Gateway  
  46  3:44  Probe  
  48  3:48  Probe  
  48  3:51  Oracle  
  52  3:56  Probe  
  52  3:57  Twilight Council  
  53  4:03  Probe  
  53  4:04  Robotics Facility  
  54  4:13  Pylon  
  54  4:15  Pylon  
  54  4:28  Probe x2  
  53  4:34  Gateway  
  53  4:36  Gateway  
  53  4:38  Charge, Templar Archives  
  53  4:40  Probe  
  54  4:46  Adept x2  
  58  4:55  Warp Prism  
  60  5:07  Nexus  
  60  5:08  Pylon  
  60  5:10  Probe  
  61  5:14  Probe  
  61  5:21  Immortal  
  62  5:23  Probe  
  62  5:27  Probe  
  62  5:29  Pylon  
  62  5:35  Probe  
  63  5:39  Probe  
  63  5:40  Robotics Facility  
  63  5:41  Sentry x3  
  63  5:42  Sentry  
  70  5:47  Shield Battery  
  70  5:50  Pylon  
  70  6:01  Shield Battery  
  70  6:02  Immortal  
  74  6:05  High Templar x2  
  74  6:11  Probe  
  78  6:13  Probe  
  78  6:17  Forge  
  80  6:18  Probe  
  80  6:19  Probe  
  80  6:22  Probe  
  82  6:27  Probe  
  82  6:29  Immortal  
  82  6:31  Probe x2  
  85  6:34  Assimilator, Immortal  
  85  6:39  Assimilator  
  86  6:40  Archon  
  86  6:41  Probe  
  86  6:43  Shield Battery  
  86  6:45  Pylon  
  95  6:50  Pylon  
  95  6:53  Protoss Ground Weapons Level 1  
  95  6:55  Sentry  
  95  6:56  Stalker  
  95  6:57  Sentry  
  95  6:58  Probe  
  95  7:00  Immortal, Probe  
  103  7:12  Pylon  
  107  7:26  Stalker x2  
  111  7:31  Observer  
  111  7:32  Sentry  
  111  7:33  Stalker  
  111  7:36  Pylon  
  116  7:39  Observer, Pylon  
  116  7:40  Pylon  
  117  7:50  Gateway  
  114  7:52  Gateway  
  114  7:53  Probe  
  114  7:54  Gateway  
  114  7:55  Gateway  
  114  7:57  Stalker x2  
  118  8:05  Immortal x2  
  126  8:19  Probe  
  123  8:22  Probe  
  124  8:29  Zealot  
  124  8:31  Zealot x3  
  124  8:32  Probe  
  130  8:38  Probe  
  130  8:39  Zealot  
  131  8:44  Shield Battery  
  127  8:54  Zealot x3  
  127  8:55  Probe  
  121  9:01  Zealot  
  121  9:06  Zealot x2  
  121  9:08  Zealot  
  123  9:12  Zealot  
  113  9:17  Zealot x3, Immortal  
  113  9:18  Immortal  
  109  9:25  Probe  
  109  9:26  High Templar x3  
  118  9:31  Archon  
  118  9:32  Sentry, High Templar  
  118  9:33  Probe  
  123  9:39  Zealot x2, Archon  
  127  9:45  Nexus  
  127  9:46  Pylon  
  127  9:49  High Templar  
  128  9:55  Zealot  
  128  9:57  Gateway  
  130  10:01  Zealot x4, Pylon  
  130  10:03  High Templar  
  130  10:04  Probe  
  130  10:05  Pylon  
  130  10:06  Gateway  
  137  10:11  Zealot  
Tags
 
Add a new tag
Caveats
  • Supply blocks, unpowered buildings, or Contaminate may cause inaccurate times.
  • Supply counts are checked every 10 seconds.